 Dungeon Crawl Stone Soup version 0.29-a0-364-g921d912d32 (webtiles) character file.

Game seed: 3574927880755096711

12369 diecastcamel the Grappler (level 11, -6/106 HPs)
             Began as a Troll Fighter on Apr 29, 2022.
             Was an Elder of Makhleb.
             Mangled by a seven-headed hydra (9 damage)
             ... on level 11 of the Dungeon on Apr 30, 2022.
             The game lasted 01:11:56 (11160 turns).

diecastcamel the Grappler (Troll Fighter)          Turns: 11160, Time: 01:11:57

Health: -6/106     AC:  9    Str: 26    XL:     11   Next: 61%
Magic:  0/14       EV: 10    Int:  6    God:    Makhleb [****..]
Gold:   606        SH:  9    Dex: 11    Spells: 10/10 levels left

rFire   + . .      SeeInvis .   h - +2 whip (freeze)
rCold   . . .      Faith    .   b - +0 kite shield
rNeg    . . .      Spirit   +   t - +0 steam dragon scales
rPois   .          Reflect  .   (helmet restricted)
rElec   .          Harm     .   F - +0 cloak
rCorr   +          Rampage  .   (gloves unavailable)
Will    .....                   (boots unavailable)
Stlth   +.........              k - amulet of guardian spirit
HPRegen 1.07/turn               j - ring of protection from fire
MPRegen 0.14/turn               p - ring of resist corrosion

@: about to teleport
A: large, unfitting armour, claws 3, regeneration 1, shaggy fur 1, tough skin 1
a: Renounce Religion, Minor Destruction, Lesser Servant of Makhleb, Major
Destruction


You were on level 11 of the Dungeon.
You worshipped Makhleb.
Makhleb was greatly pleased with you.
You visited 3 branches of the dungeon, and saw 13 of its levels.
You also visited: Sewer and Gauntlet.

You collected 606 gold pieces.

Inventory:

Hand Weapons
 h - a +2 whip of freezing (weapon)
Missiles
 a - 5 silver javelins
 g - 195 stones
 J - 11 poisoned darts
Armour
 b - a +0 kite shield (worn)
 s - a +1 robe of positive energy
 t - +0 steam dragon scales (worn)
 E - a scarf of resistance
 F - a +0 cloak (worn)
 H - a +2 robe of resistance
Jewellery
 j - a ring of protection from fire (left claw)
 k - an amulet of guardian spirit (around neck)
 p - a ring of resist corrosion (right claw)
 y - a ring of ice
 G - a ring of positive energy
Wands
 f - a wand of charming (2)
 C - a wand of iceblast (9)
Scrolls
 l - 3 scrolls of teleportation
 m - a scroll of magic mapping
 o - 3 scrolls of enchant armour
 q - 4 scrolls of immolation
 u - 2 scrolls of fog
 I - a scroll of amnesia {unknown}
Potions
 c - 2 potions of might
 e - 3 potions of attraction {unknown}
 i - 2 potions of haste {unknown}
 n - 3 potions of lignification
 r - 2 potions of flight {unknown}
 v - a potion of mutation {unknown}
 w - 7 potions of curing
 x - 3 potions of ambrosia {unknown}
 z - a potion of brilliance
 A - 3 potions of heal wounds {unknown}
 B - a potion of degeneration {unknown}
 D - a potion of magic {unknown}
 L - a potion of cancellation {unknown}


   Skills:
 + Level 6.3 Fighting
 - Level 4.0 Armour
 + Level 5.4 Dodging
 + Level 6.3 Shields
 + Level 12.5 Unarmed Combat
 + Level 5.9 Invocations


You had 10 spell levels left.
You didn't know any spells.
Your spell library contained the following spells:

 Spells                   Type           Power      Damage    Failure   Level
 Apportation              Tloc           0%         N/A       71%         1
 Foxfire                  Conj/Fire      0%         2x1d4     71%         1
 Slow                     Hex            0%         N/A       71%         1
 Static Discharge         Conj/Air       0%         N/A       85%         2
 Confusing Touch          Hex            0%         N/A       97%         3
 Vampiric Draining        Necr           0%         2d6       97%         3
 Dispel Undead            Necr           0%         3d6       100%        4
 Flame Wave               Conj/Fire      0%         2d4       100%        4
 Hailstorm                Conj/Ice       0%         3d3       100%        4
 Ice Form                 Ice/Tmut       0%         N/A       100%        4
 Petrify                  Tmut/Erth      0%         N/A       100%        4
 Sticky Flame             Conj/Fire      0%         2d3       100%        4
 Alistair's Intoxication  Tmut/Pois      0%         N/A       100%        5
 Lightning Bolt           Conj/Air       0%         1d11      100%        5
 Simulacrum               Ice/Necr       0%         N/A       100%        6


Dungeon Overview and Level Annotations

Branches:
Dungeon (11/15)            Temple (1/1) D:4            Lair (1/6) D:11
    Orc (0/2) D:11          Sewer (visited)         Gauntlet (visited)

Altars:
Ashenzari
Cheibriados
Dithmenos
Elyvilon
Fedhas
Gozag
Hepliaklqana
Kikubaaqudgha
Makhleb
Nemelex Xobeh
Okawaru
Qazlal
Ru
Sif Muna
Trog
Uskayaw
Vehumet
Wu Jian
Xom
Yredelemnul
Zin
The Shining One

Shops:
D:8 [

Annotations:
D:5 2 transporters
Lair:1 Sonja


Innate Abilities, Weirdness & Mutations

You are too large for most types of armour.
You have claws for hands.
Your natural rate of healing is unusually fast.
You are covered in fur. (AC +1)
You have tough skin. (AC +1)


Message History

The seven-headed hydra bites you but does no damage.
You block the seven-headed hydra's attack.
The seven-headed hydra bites you! The seven-headed hydra bites you.
The seven-headed hydra bites you!
The seven-headed hydra bites you but does no damage.
The seven-headed hydra bites you! x2
The seven-headed hydra barely misses you.
The seven-headed hydra bites you!
The seven-headed hydra bites you but does no damage.
The seven-headed hydra bites you!
There is a staircase back to the Dungeon, spattered with blood here.
Sonja twirls her cape.
The seven-headed hydra bites you. x2
You block the seven-headed hydra's attack.
The seven-headed hydra bites you.
The seven-headed hydra completely misses you.
The seven-headed hydra bites you but does no damage. x2
Sonja gestures wildly while chanting.
Sonja blinks!
You climb upwards.
Welcome back to the Dungeon!
There is a staircase to the Lair here.
As you read the scroll of teleportation, it crumbles to dust.
You feel strangely unstable.
You block the seven-headed hydra's attack.
The seven-headed hydra barely misses you.
The seven-headed hydra bites you.
The seven-headed hydra bites you but does no damage.
The seven-headed hydra bites you.
* * * LOW HITPOINT WARNING * * *
The seven-headed hydra bites you.
* * * LOW HITPOINT WARNING * * *
The seven-headed hydra bites you!
* * * LOW HITPOINT WARNING * * *
The seven-headed hydra attacks as you move away!
The seven-headed hydra bites you!
* * * LOW HITPOINT WARNING * * *
The seven-headed hydra bites you.
* * * LOW HITPOINT WARNING * * *
The seven-headed hydra bites you!
You die...

.########.........##
#.#.#.#.## .#
####.###...##
#....#...^ .###
#)##.....## #.#.###.).
...# #.#.......#
#.##.#.##. ...#
#.#.......###.###.###.
...# #[.........##.#
### #. #.##
#..........##.# #. #.#
#.....D.....#.# #. #.#
##...@........# #. #.#
#.........##.## #. #.#
##...[...##...######.
#.#
#.......#.#.#.#.....
#.#
##.....##....##.###.
#.# ##...#####.###.#
#. #.# ####.#.## #.#
#.# #. #.# #.......#
#.# #.# #.
#.##########.##.##.#
#.# #.# #.


You could see a seven-headed hydra.

Vanquished Creatures
  Erica (D:8)
  A two-headed ogre (D:8)
  A centaur warrior (D:10)
  Maurice (D:8)
  An unseen horror (D:10)
  A freezing wraith (D:11)
  A komodo dragon (D:11)
  A troll (D:10)
  Sigmund (D:3)
  2 shadows (D:11)
  A vampire (D:11)
  A wraith (D:11)
  A wyvern (D:6)
  24 yaks
  A steam dragon (D:9)
  3 wargs (D:11)
  3 water moccasins
  2 black bears
  2 orc warriors
  3 ice beasts
  4 centaurs
  6 bullfrogs
  A necrophage (D:5)
  2 gnoll sergeants
  2 scorpions
  4 wights (D:8)
  8 killer bees
  4 howler monkeys
  2 jellies
  3 hounds
  7 orc priests
  Jessica (D:2)
  An iguana (D:5)
  18 orc wizards
  Robin (D:2)
  9 gnolls
  6 adders
  6 river rats (Sewer)
  3 shadow imps
  2 white imps (D:6)
  An ufetubus (D:7)
  2 worms
  3 dart slugs
  43 orcs
  3 bats (D:2)
  5 endoplasms
  6 giant cockroaches
  11 goblins
  8 hobgoblins
  12 jackals
  2 quokkas
  11 ball pythons
  8 frilled lizards
  4 kobolds
  14 rats
275 creatures vanquished.

Vanquished Creatures (collateral kills)
  Pikel (D:7)
  2 orcs (D:7)
3 creatures vanquished.

Vanquished Creatures (others)
  An orc wizard (D:10)
  5 fungi
  19 plants
25 creatures vanquished.

Grand Total: 303 creatures vanquished

Notes
Turn   | Place    | Note
-------+----------+-------------------------------------------
     0 | D:1      | diecastcamel the Troll Fighter began the quest for the Orb.
     0 | D:1      | Reached XP level 1. HP: 22/22 MP: 0/0
   168 | D:1      | Reached XP level 2. HP: 29/29 MP: 1/1
   221 | D:1      | Reached skill level 3 in Unarmed Combat
   283 | D:1      | Found a faded altar of an unknown god.
   840 | D:2      | Noticed Jessica
   850 | D:2      | Killed Jessica
   851 | D:2      | Reached skill level 4 in Unarmed Combat
   851 | D:2      | Reached XP level 3. HP: 36/36 MP: 2/2
  1020 | D:2      | Reached XP level 4. HP: 43/44 MP: 3/3
  1164 | D:2      | Noticed Robin
  1173 | D:2      | Killed Robin
  1732 | D:3      | Noticed Sigmund
  1827 | D:3      | Reached skill level 5 in Unarmed Combat
  1834 | D:3      | Reached XP level 5. HP: 50/50 MP: 4/4
  2543 | D:3      | Killed Sigmund
  2544 | D:3      | Reached skill level 6 in Unarmed Combat
  2544 | D:3      | Reached XP level 6. HP: 44/59 MP: 3/5
  2771 | D:4      | Found a glowing drain.
  2792 | Sewer    | Entered a sewer
  2894 | Sewer    | Reached skill level 7 in Unarmed Combat
  3279 | D:4      | Reached XP level 7. HP: 66/66 MP: 6/6
  3495 | D:4      | Found a staircase to the Ecumenical Temple.
  3508 | Temple   | Entered the Ecumenical Temple
  3609 | Temple   | Became a worshipper of Makhleb the Destroyer
  4228 | D:5      | Entered Level 5 of the Dungeon
  4360 | D:5      | Reached skill level 8 in Unarmed Combat
  4633 | D:5      | Found a transporter.
  4635 | D:5      | Found a transporter.
  4921 | D:5      | Found an ancient bone altar of Kikubaaqudgha.
  5043 | D:6      | Reached skill level 9 in Unarmed Combat
  5093 | D:5      | Reached XP level 8. HP: 60/74 MP: 5/7
  5246 | D:6      | Reached skill level 10 in Unarmed Combat
  5259 | D:6      | Reached skill level 1 in Invocations
  5541 | D:6      | Reached * piety under Makhleb
  6217 | D:6      | Reached XP level 9. HP: 67/83 MP: 6/9
  6268 | D:7      | Noticed Pikel
  6276 | D:7      | Killed Pikel
  6372 | D:7      | You fall into a shaft and drop 1 floor!
  6405 | D:8      | Noticed Erica
  6552 | D:8      | Found Nynlasch's Armour Shop.
  6610 | D:8      | Noticed a two-headed ogre
  6612 | D:8      | Upgraded the game from 0.29-a0-362-g5854e031c7 to
                  | 0.29-a0-364-g921d912d32
  6693 | D:8      | Noticed Maurice
  6725 | D:8      | Killed Maurice
  6952 | D:9      | Reached skill level 11 in Unarmed Combat
  7015 | D:9      | Reached XP level 10. HP: 94/94 MP: 12/12
  7487 | D:7      | Reached ** piety under Makhleb
  7619 | D:7      | Reached skill level 1 in Armour
  7890 | D:8      | Killed Erica
  7891 | D:8      | Reached skill level 5 in Fighting
  7891 | D:8      | Reached skill level 5 in Shields
  8067 | D:8      | Killed a two-headed ogre
  8385 | D:8      | Reached skill level 5 in Invocations
  9129 | D:10     | Entered Level 10 of the Dungeon
  9169 | D:10     | Got the Volume of the Lethal Mountains
  9329 | D:10     | Reached XP level 11. HP: 105/105 MP: 11/13
  9530 | D:10     | Reached *** piety under Makhleb
  9733 | D:10     | Reached skill level 12 in Unarmed Combat
  9744 | D:10     | Reached skill level 5 in Dodging
  9897 | D:11     | Noticed a centaur warrior
  9913 | D:10     | Killed a centaur warrior
 10082 | D:11     | Found a gate leading to a gauntlet.
 10089 | Gauntlet | Entered a Gauntlet
 10089 | Gauntlet | Noticed a death scarab
 10089 | Gauntlet | Found a transporter.
 10089 | Gauntlet | Found a transporter.
 10101 | Gauntlet | Found a transporter.
 10119 | Gauntlet | Found a transporter.
 10119 | Gauntlet | Found a transporter.
 10121 | Gauntlet | Found a transporter.
 10121 | Gauntlet | Found a transporter.
 10122 | Gauntlet | Found a transporter.
 10135 | Gauntlet | Found a transporter.
 10137 | Gauntlet | Noticed a reaper
 10148 | Gauntlet | Found a runed translucent door.
 10152 | Gauntlet | Found a transporter.
 10152 | Gauntlet | Noticed a death scarab
 10154 | Gauntlet | Noticed a death scarab
 10161 | Gauntlet | Found a transporter.
 10161 | Gauntlet | Noticed a sixfirhy
 10162 | Gauntlet | Noticed a sixfirhy
 10166 | Gauntlet | Found a transporter.
 10200 | Gauntlet | Found a transporter.
 10208 | Gauntlet | Noticed a tengu warrior
 10212 | Gauntlet | Found a transporter.
 10410 | D:11     | Found a staircase to the Orcish Mines.
 10741 | D:11     | Reached **** piety under Makhleb
 10744 | D:11     | Found a staircase to the Lair.
 11016 | Lair:1   | Entered Level 1 of the Lair of Beasts
 11057 | Lair:1   | Noticed Sonja
 11059 | Lair:1   | Noticed a seven-headed hydra
 11160 | D:11     | HP: 3/106 [seven-headed hydra (4)]
 11160 | D:11     | Mangled by a seven-headed hydra

Illustrated notes

Levels and vault maps discovered:
D:1:      dpeg_arrival_refuge, layout_loops_ring,
          hellmonk_ecumenical_altar_heavens_door
D:2:      layout_basic, minmay_splitting_lines, guppyfry_early_lair_pool,
          uniq_robin, uniq_jessica
D:3:      layout_loops_corners, uniq_sigmund
D:4:      nicolae_cairo_tiling_large, layout_basic,
          minmay_temple_entry_statues_fountains, gup_sewer_entry_glass
D:5:      layout_basic, kennysheep_little_box, gammafunk_ghost_gnarly_gnolls
D:6:      layout_gridville
D:7:      layout_rooms, serial_park_tiny_1, columned_hall_lemuel, uniq_pikel
D:8:      cheibrodos_quashed, layout_basic, serial_shops,
          nicolae_take_the_stairs, uniq_maurice, uniq_erica
D:9:      layout_basic, minivault_23
D:10:     layout_roguey
D:11:     layout_loops_ring, erik_lair_orcish_takeover, david_orc_2,
          gauntlet_entry_generic
Temple:   dpeg_three_leaves_temple
Lair:1:   layout_roguey, chequers_serial_rivers_micro_b, minmay_hedge_maze,
          minivault_11, uniq_sonja

Skill      XL: |  1  2  3  4  5  6  7  8  9 10 11 |
---------------+----------------------------------+-----
Unarmed Combat | 4 5 6 7 9 10 11 12 | 12.5
Invocations    | 2 4 5 |  5.9
Fighting       | 3 4 5 6 |  6.3
Dodging        | 3 4 5 |  5.4
Shields        | 3 4 5 6 |  6.3
Armour         | 3 4 |  4.0

Action                   |  1- 3 |  4- 6 |  7- 9 | 10-12 || total
-------------------------+-------+-------+-------+-------++-------
Melee: Unarmed           |    51 |   159 |   286 |   256 ||   752
Throw: Stone             |    51 |    60 |    78 |     3 ||   192
Invok: Minor Destruction |       |       |       |   108 ||   108
Evoke: Wand              |       |       |       |     5 ||     5
  Use: Scroll            |       |     5 |    13 |     8 ||    26
       Potion            |       |       |     5 |       ||     5
 Stab: Invisible         |       |       |     2 |       ||     2
Armor: Robe              |     9 |    48 |    78 |       ||   135
       Steam dragon scal |       |       |       |    92 ||    92
Dodge: Dodged            |    13 |    30 |    95 |    98 ||   236
Block: Kite shield       |    13 |    39 |    91 |    88 ||   231

Table legend: (Time is in decaauts)
 A = Elapsed time spent in this place.
 B = Non-inter-level travel time spent in this place.
 C = Inter-level travel time spent in this place.
 D = Time resting spent in this place.
 E = Time spent auto-exploring this place.
 F = Levels seen in this place.
 G = Mean time per level.
                   A        B        C        D        E       F      G
               +--------+--------+--------+--------+--------+-----+--------+
         Total |  11282 |  10308 |    974 |    547 |   6269 |  15 |  752.1 |
       Dungeon |  10480 |   9554 |    926 |    547 |   5817 |  11 |  952.7 |
        Temple |    114 |     66 |     48 |      0 |     55 |   1 |  114.0 |
          Lair |     69 |     69 |      0 |      0 |     38 |   1 |   69.0 |
         Sewer |    473 |    473 |      0 |      0 |    237 |   1 |  473.0 |
      Gauntlet |    144 |    144 |      0 |      0 |    121 |   1 |  144.0 |
               +--------+--------+--------+--------+--------+-----+--------+

Top non-repeatable levels by time:
     D:9: 1227 daAuts
     D:8: 1078 daAuts
     D:4: 1065 daAuts
     D:3: 1013 daAuts
    D:11: 1011 daAuts
     D:2: 990 daAuts
     D:5: 899 daAuts
     D:6: 880 daAuts
    D:10: 807 daAuts
     D:7: 755 daAuts
     D:1: 750 daAuts
   Sewer: 473 daAuts
Gauntlet: 144 daAuts
  Temple: 114 daAuts
  Lair:1: 69 daAuts
